 Dungeon Crawl Stone Soup version 0.13-a0-2923-g04ac8d1 (console) character file.

188249 Kellhus the Destroyer (level 18, 98/98 HPs)
             Began as a Gargoyle Wizard on Aug 21, 2013.
             Was the Champion of Vehumet.
             Quit the game on Level 19 of the Dungeon on Sept 2, 2013.
             The game lasted 02:40:31 (61707 turns).

Kellhus the Destroyer (Gargoyle Wizard)            Turns: 61707, Time: 02:40:31

HP  98/98        AC 22     Str 13      XL: 18   Next: 44%
MP  36/36        EV 21     Int 27      God: Vehumet [******]
Gold 2794        SH  0     Dex 13      Spells: 11 memorised,  4 levels left

Res.Fire  : . . .   See Invis. : +   b - +5 demon blade (elec)
Res.Cold  : + . .   Warding    : .   V - +2 elf robe {rC+}
Life Prot.: + . .   Conserve   : .   (no shield)
Res.Poison: +       Res.Corr.  : .   W - +1 helmet {SInv}
Res.Elec. : +       Clarity    : +   C - +0 cloak
Sust.Abil.: . .     Spirit.Shd : .   X - +0 pair of gloves
Res.Mut.  : .       Stasis     : .   J - +0 pair of boots "Trusted Companion" {Str+ Res.Rott. : + Flight : + I - amulet of clarity Saprovore : . . . O - +4 ring of evasion D - +3,+5 ring of slaying

@: flying, somewhat resistant to hostile enchantments, fairly stealthy
A: large and strong wings, fangs 1, talons 2, life protection 1, electricity
resistance, slow metabolism 1, unbreathing, petrification resistance, AC +13
a: Stop Flying, Renounce Religion


You were on level 19 of the Dungeon.
You worshipped Vehumet.
Vehumet was exalted by your worship.
You were near starving.

You visited 5 branches of the dungeon, and saw 34 of its levels.
You visited 1 bazaar.
You also visited: Labyrinth.

You collected 4402 gold pieces.
You spent 1628 gold pieces at shops.

Inventory:

Hand weapons
 b - a +5,+5 demon blade of electrocution (weapon)
Armour
 v - a +2 orcish robe of fire resistance
 C - a +0 cloak (worn)
 J - the +0 pair of boots "Trusted Companion" (worn) {Str+2 Dex+5}
   (You found it on level 14 of the Dungeon)

   It affects your strength (+2).
   It affects your dexterity (+5).
 V - a +2 elven robe of cold resistance (worn)
 W - a +1 helmet of see invisible (worn)
 X - a +0 pair of gloves (worn)
Magical devices
 u - a wand of disintegration (13)
 w - a wand of draining (5) {unknown}
 y - a wand of slowing (12) {unknown}
 B - a wand of digging (13)
 T - a wand of teleportation (3)
Comestibles
 d - 4 bread rations
 i - a pear
 x - 6 meat rations
 E - 2 honeycombs
 R - 9 chokos
Scrolls
 e - 5 scrolls of magic mapping
 h - 6 scrolls of remove curse
 l - a scroll of teleportation
 n - a scroll of blinking
 p - 2 scrolls of identify
 F - 2 scrolls of fear
Jewellery
 c - an uncursed ring of fire
 f - an uncursed ring of poison resistance {unknown}
 j - a +3 ring of intelligence
 m - an uncursed ring of sustain abilities
 q - a +3 ring of evasion
 r - an uncursed ring of protection from fire
 s - an uncursed amulet of stasis
 t - the amulet "Abiywa" {Inacc rF+ Dex+3}
   (You found it in a labyrinth)

   [amulet of inaccuracy]

   It affects your dexterity (+3).
   It protects you from fire.
 D - a +3,+5 ring of slaying (left hand)
 I - an amulet of clarity (around neck)
 M - an uncursed amulet of resist mutation
 N - an uncursed ring of positive energy
 O - a +4 ring of evasion (right hand)
 Y - an uncursed ring of ice
Potions
 g - 12 potions of heal wounds
 k - 4 potions of agility
 o - 2 potions of magic
 z - 11 potions of curing
 A - 2 potions of speed
 H - 3 potions of might
 L - a potion of brilliance
 S - a potion of resistance
Magical staves
 a - an uncursed staff of poison


   Skills:
 - Level 8.0 Fighting
 - Level 14.0 Long Blades
 - Level 8.9 Dodging
 - Level 2.1 Stealth
 + Level 12.2 Spellcasting
 - Level 18.0 Conjurations
 - Level 4.0 Charms
   Level 0.8 Summonings
 - Level 0.8 Translocations
 - Level 15.0 Fire Magic
 - Level 8.0 Poison Magic


You had 4 spell levels left.
You knew the following spells:

 Your Spells              Type           Power        Failure   Level  Hunger
a - Venom Bolt            Conj/Pois      ######....   1%          5    ##.....
b - Poison Arrow          Conj/Pois      ######....   1%          6    #####..
c - Bolt of Fire          Conj/Fire      #######...   1%          6    #####..
d - Magic Dart            Conj           ####         0%          1    None
e - Sting                 Conj/Pois      ####         0%          1    None
f - Apportation           Tloc           ###.......   2%          1    None
i - Ignite Poison         Fire/Trmt      ######....   1%          5    ##.....
l - Blink                 Tloc           N/A          4%          2    None
p - Poisonous Cloud       Conj/Pois/Air  ######....   4%          6    #####..
r - Repel Missiles        Chrm/Air       ####......   1%          2    None
s - Swiftness             Chrm/Air       ####......   1%          2    None


Dungeon Overview and Level Annotations

Branches:
Dungeon (20/27)            Temple (1/1) D:5             Orc (4/4) D:11
    Elf (0/3) Orc:3          Lair (8/8) D:9          Shoals (0/5) Lair:6
  Snake (0/5) Lair:6        Slime (0/6) Lair:8       Vaults (1/5) D:19

Altars:
Ashenzari
Cheibriados
Elyvilon
Fedhas
Kikubaaqudgha
Makhleb
Nemelex Xobeh
Okawaru
Sif Muna
Trog
Vehumet
Xom
Yredelemnul
Zin
the Shining One
Beogh
Jiyva

Shops:
D:10 +   D:11 +   D:16 [   D:20 (/}   Orc:3 (}   Orc:4 **%[

Annotations:
D:10 exclusion: oklob sapling
D:15 exclusion: Roxanne, Roxanne
D:17 exclusion: fire elemental


Innate Abilities, Weirdness & Mutations

You are resistant to torment.
You are immune to poison.
You can fly continuously.
Your stone body is very resilient (AC +13).
Your wings are large and strong.
You have very sharp teeth.
You have razor-sharp toenails.
You resist negative energy.
You are resistant to electric shocks.
You have a slow metabolism.
You can survive without breathing.
You are immune to petrification.


Message History

You start resting.
Your magical contamination has completely faded away.
You start resting.
HP restored.
You start resting.
Magic restored.
Eat which item? (? for menu, Esc to quit)
Okay, then.
Save game and exit?
Welcome back, Kellhus the Gargoyle Wizard.
Vehumet says: Let it end in hellfire!
Press ? for a list of commands and other information.
(D) Dungeon (T) Temple (O) Orcish Mines (E) Elven Halls (L) Lair (A) Shoals (P) Snake Pit (M) Slime Pits (V) Vaults
Where to? (? - help)
Okay, then.
Quiver which item? (- for none, * to show all) (? for menu, Esc to quit)
Okay, then.
Are you sure you want to abandon this character and quit the game? (Confirm with "yes".)

......%..## #.#.# #....
.....(....# #.#.# #....
..........# #.#.# #....
..........##########.#.# #.)..
.....................#.# ####.
.....................#.# #.
.##########..........#.# #.
.....................#.# #.
.....................#.# #.
..).......#....><....#.####### #.
...............<@............# #.
.########.#..................# #.
.# #.#[.................###. .#
#.#..................##.. .#
#.#...........!......##..
.########....................##..
...........#########.........###.
.#.).......(....# #.........# #.
.)............#.# #.........# #.
.#.##########.#.####.#.#########.
...(..................>..........


There were no monsters in sight!

Vanquished Creatures
  Mara (D:19)
  Xtahua (D:20)
  A tentacled monstrosity (D:18)
  A shadow dragon (D:18)
  A vault warden (Vaults:1)
  Donald (D:19)
  Aizul (D:16)
  An orc warlord (Orc:3)
  6 stone giants (D:18)
  2 ettins (D:18)
  An elemental wellspring (D:18)
  A great orb of eyes (shapeshifter) (D:18)
  3 yaktaur captains (D:18)
  An ironheart preserver (Vaults:1)
  A minotaur (Lab)
  Fannar (Lair:1)
  Harold (Lair:2)
  Nessos (D:16)
  A ravenous item mimic (D:18)
  4 hydras
  7 ogre magi
  2 deep troll shamans (D:18)
  11 death yaks (Lair:8)
  10 centaur warriors
  A polymoth (Lair:7)
  Urug (D:10)
  A very ugly thing (D:19)
  An orc high priest (Orc:2)
  Nergalle (D:11)
  A fire crab (D:20)
  3 catoblepae (Lair:8)
  A deep elf knight (Vaults:1)
  6 skeletal warriors
  7 unseen horrors
  2 deep trolls (Orc:4)
  15 orc knights
  Pikel (D:5)
  A giant amoeba (D:19)
  17 hill giants
  2 wizards (D:18)
  Joseph (D:10)
  2 wolf spider zombies
  A frost giant zombie (D:19)
  A griffon (D:15)
  A stone giant zombie (Vaults:1)
  10 cyclopes
  2 red wasps
  12 elephants
  2 spiny worms
  2 orc sorcerers
  A vault sentinel (Vaults:1)
  A sphinx skeleton (D:19)
  5 black mambas
  3 feature mimics
  6 spiny frogs
  10 vapours (D:20)
  16 yaktaurs
  A mermaid (shapeshifter) (D:16)
  5 wandering mushrooms
  An iron troll zombie (D:18)
  4 komodo dragons
  2 queen bees (shapeshifter)
  Grinder (D:4)
  An orb spider (shapeshifter) (D:18)
  13 trolls
  A deep elf priest (D:17)
  An iron troll skeleton (D:17)
  32 blink frogs
  Sonja (D:12)
  A wind drake (shapeshifter) (D:14)
  Prince Ribbit (D:5)
  3 boulder beetles
  34 slime creatures
  13 two-headed ogres
  10 air elementals (D:20)
  6 basilisks
  An octopode (shapeshifter) (D:19)
  2 shadows
  2 trapdoor spiders
  2 vampires
  An ice dragon skeleton (Vaults:1)
  19 humans
  An elephant slug (Lair:8)
  2 griffon skeletons
  9 sharks
  86 ugly things
  7 water elementals
  5 deep elf fighters
  6 wyverns
  Grum (D:10)
  A vampire mosquito (D:18)
  A steam dragon (D:11)
  72 yaks
  9 hippogriffs
  5 hungry ghosts
  A rock worm (Lair:5)
  7 wraiths
  2 hill giant skeletons
  4 manticores
  6 mottled dragons
  Menkaure (D:4)
  5 necrophages
  30 wolves
  7 porcupines
  A dwarf (shapeshifter) (D:18)
  A soldier ant (D:12)
  5 sky beasts
  5 ice beasts
  2 slaves (D:5)
  A yellow wasp (D:11)
  40 orc warriors
  A giant goldfish (D:12)
  A black bear (Lair:3)
  35 ogres
  4 phantoms
  15 centaurs
  14 crocodiles
  2 wargs (Orc:2)
  Duvessa (D:4)
  10 giant slugs
  A boring beetle (Lair:8)
  8 big kobolds
  A brain worm (Lair:6)
  21 giant frogs
  6 agate snails
  12 insubstantial wisps (D:20)
  21 water moccasins
  A cyclops zombie (D:16)
  2 wyvern zombies
  2 yaktaur skeletons
  2 troll zombies
  An eye of draining (shapeshifter) (D:19)
  4 electric eels (D:12)
  12 wights
  4 goliath beetles
  12 killer bees
  5 jellyfish
  A troll skeleton (D:14)
  7 crimson imps
  Dowan (D:4)
  A giant frog zombie (D:12)
  3 jellies
  3 big fish
  13 hounds
  A gnoll shaman (D:10)
  A giant frog skeleton (D:6)
  32 orc priests
  11 worker ants
  12 iguanas
  36 orc wizards
  2 scorpions (D:4)
  A shapeshifter simulacrum (D:18)
  2 big kobold zombies
  4 human zombies (D:7)
  27 sheep
  Ijyb (D:5)
  5 ogre zombies (D:11)
  A big kobold skeleton (D:9)
  5 boggarts
  3 mummies
  12 adders
  An elf zombie (D:7)
  2 giant centipedes
  5 gnolls (D:10)
  25 green rats
  An inept item mimic (Orc:3)
  An inept feature mimic (D:6)
  5 giant mites
  8 worms
  A human skeleton (D:7)
  2 giant eyeballs
  6 giant geckos
  2 oozes
  235 orcs
  6 giant cockroaches
  19 hobgoblins
  21 jackals
  13 quokkas
  4 ball pythons
  38 bats
  5 giant newts
  5 giant spores
  A gnoll skeleton (D:5)
  22 goblins
  A goblin skeleton (D:11)
  A goblin zombie (D:11)
  2 hobgoblin zombies (D:11)
  40 kobolds
  3 orc skeletons
  13 orc zombies (D:11)
  A quokka zombie (D:7)
  28 rats
  31 ballistomycetes
  A fungus (Lair:8)
  A plant (D:18)
1612 creatures vanquished.

Vanquished Creatures (others)
  17 ball lightnings (D:20)
  A giant goldfish (D:18)
  3 orc wizards
  A gnoll (D:4)
  An orc (D:18)
  A rat (D:4)
  18 fungi
  13 plants
55 creatures vanquished.

Grand Total: 1667 creatures vanquished

Notes
Turn   | Place    | Note
--------------------------------------------------------------
     0 | D:1      | Kellhus, the Gargoyle Wizard, began the quest for the Orb.
     0 | D:1      | Reached XP level 1. HP: 8/8 MP: 5/5
   341 | D:1      | Reached XP level 2. HP: 8/13 MP: 1/7
   906 | D:1      | Reached XP level 3. HP: 17/17 MP: 1/9
  1495 | D:2      | Reached skill level 4 in Conjurations
  1549 | D:2      | Reached XP level 4. HP: 22/22 MP: 9/11
  1987 | D:3      | Found a shattered altar of Ashenzari.
  2123 | D:2      | Learned a level 3 spell: Conjure Flame
  2127 | D:2      | Learned a level 3 spell: Mephitic Cloud
  2255 | D:3      | Reached skill level 5 in Conjurations
  2255 | D:3      | Reached XP level 5. HP: 26/26 MP: 7/12
  2862 | D:4      | Reached skill level 6 in Conjurations
  2915 | D:4      | Reached XP level 6. HP: 31/31 MP: 9/14
  3133 | D:4      | Learned a level 1 spell: Sting
  3401 | D:4      | Reached skill level 1 in Poison Magic
  3435 | D:4      | Found a white marble altar of Elyvilon.
  3477 | D:4      | Noticed Duvessa
  3477 | D:4      | Noticed Dowan
  3486 | D:4      | Killed Dowan
  3712 | D:4      | Killed Duvessa
  3712 | D:4      | Reached skill level 7 in Conjurations
  3712 | D:4      | Reached XP level 7. HP: 35/35 MP: 8/16
  4038 | D:4      | Noticed a phantom
  4057 | D:4      | Killed a phantom
  4397 | D:4      | Noticed Menkaure
  4405 | D:4      | Killed Menkaure
  4595 | D:5      | Entered Level 5 of the Dungeon
  4595 | D:5      | Found a snail-covered altar of Cheibriados.
  4595 | D:5      | Noticed Ijyb
  4595 | D:5      | Noticed Grinder
  4597 | D:5      | Noticed Prince Ribbit
  4607 | D:4      | Paralysed by Grinder for 3 turns
  4615 | D:4      | Killed Grinder
  4615 | D:4      | Reached skill level 5 in Spellcasting
  4615 | D:4      | Reached XP level 8. HP: 14/40 MP: 7/21
  4865 | D:5      | Found a staircase to the Ecumenical Temple.
  4875 | Temple   | Entered the Ecumenical Temple
  5197 | Temple   | Learned a level 2 spell: Blink
  5200 | Temple   | Learned a level 2 spell: Repel Missiles
  5242 | Temple   | Became a worshipper of Vehumet
  5490 | D:5      | Killed Ijyb
  5597 | D:5      | Killed Prince Ribbit
  5717 | D:5      | Reached skill level 5 in Poison Magic
  5778 | D:5      | Noticed Pikel
  5933 | D:5      | Killed Pikel
  5933 | D:5      | Reached skill level 9 in Conjurations
  5933 | D:5      | Reached XP level 9. HP: 44/44 MP: 8/23
  6043 | D:5      | Found a glowing silver altar of Zin.
  6594 | D:6      | Reached skill level 10 in Conjurations
  7066 | D:6      | Acquired Vehumet's first power
  7066 | D:6      | Offered knowledge of Shock by Vehumet.
  8558 | D:7      | Reached XP level 10. HP: 48/48 MP: 23/26
  8561 | D:7      | Found a shimmering altar of Xom.
  8618 | D:7      | Found a bloodstained altar of Trog.
  8986 | D:7      | Reached skill level 11 in Conjurations
  9502 | D:7      | Found a basalt altar of Yredelemnul.
  9977 | D:8      | Offered knowledge of Searing Ray by Vehumet.
 10510 | D:9      | Reached skill level 12 in Conjurations
 10710 | D:9      | Found an iron altar of Okawaru.
 10770 | D:9      | Noticed a cyclops
 10791 | D:9      | Killed a cyclops
 11282 | D:9      | Offered knowledge of Dazzling Spray by Vehumet.
 11650 | D:9      | Found a staircase to the Lair.
 12175 | D:9      | Acquired Vehumet's second power
 12180 | D:9      | Reached XP level 11. HP: 41/52 MP: 12/27
 12726 | Temple   | Learned a level 5 spell: Venom Bolt
 12850 | Lair:1   | Entered Level 1 of the Lair of Beasts
 12937 | Lair:1   | Reached skill level 1 in Fighting
 13393 | Lair:1   | Offered knowledge of Static Discharge by Vehumet.
 13484 | Lair:1   | Noticed Fannar
 13489 | Lair:1   | Killed Fannar
 13489 | Lair:1   | Reached skill level 5 in Fighting
 14536 | Lair:2   | Reached skill level 13 in Conjurations
 14555 | Lair:2   | Acquired Vehumet's third power
 14745 | Lair:2   | Noticed Harold
 14748 | Lair:2   | Killed Harold
 14947 | Lair:2   | Reached skill level 14 in Conjurations
 14958 | Lair:2   | Offered knowledge of Lee's Rapid Deconstruction by Vehumet.
 14958 | Lair:2   | Reached XP level 12. HP: 56/64 MP: 9/29
 15536 | Lair:2   | Noticed a five-headed hydra
 15828 | Lair:3   | Found a labyrinth entrance.
 15843 | Lab      | Entered a labyrinth
 16328 | Lab      | Noticed a minotaur
 16332 | Lab      | Killed a minotaur
 16412 | Lab      | Got a shimmering emerald amulet
 16416 | Lab      | Learned a level 2 spell: Swiftness
 16418 | Lab      | Learned a level 1 spell: Apportation
 17165 | Lair:3   | Reached skill level 15 in Conjurations
 18080 | Lair:3   | Reached skill level 10 in Spellcasting
 18672 | Lair:4   | Identified the amulet "Abiywa" {Inacc rF+ Dex+3} (You found it in a labyrinth)
 18900 | Lair:4   | Offered knowledge of Ozocubu's Refrigeration by Vehumet.
 19947 | Lair:5   | Found a glowing golden altar of the Shining One.
 20554 | Lair:5   | Reached XP level 13. HP: 61/68 MP: 17/31
 20732 | Lair:5   | Reached skill level 16 in Conjurations
 21563 | D:6      | Learned a level 6 spell: Poison Arrow
 22219 | Lair:6   | Found a staircase to the Snake Pit.
 22227 | Lair:6   | Offered knowledge of Ignite Poison by Vehumet.
 22484 | Lair:6   | Found a staircase to the Shoals.
 23193 | Lair:7   | Reached skill level 17 in Conjurations
 24585 | Lair:8   | Entered Level 8 of the Lair of Beasts
 24843 | Lair:3   | Learned a level 6 spell: Poisonous Cloud
 25659 | Lair:8   | Learned a level 5 spell: Ignite Poison
 25709 | Lair:8   | Reached skill level 1 in Charms
 26059 | Lair:8   | Found a viscous altar of Jiyva.
 26059 | Lair:8   | Found a staircase to the Slime Pits.
 26148 | Lair:8   | Offered knowledge of Bolt of Cold by Vehumet.
 26148 | Lair:8   | Gained mutation: Your wings are large and strong. [gargoyle growth]
 26148 | Lair:8   | Reached XP level 14. HP: 74/74 MP: 29/33
 26712 | Lair:8   | Reached skill level 5 in Fire Magic
 27469 | D:10     | Entered Level 10 of the Dungeon
 27594 | D:10     | Noticed Urug
 27619 | D:10     | Killed Urug
 27770 | D:10     | Noticed Grum
 27770 | D:10     | Noticed Joseph
 27776 | D:10     | Killed Joseph
 27778 | D:10     | Killed Grum
 28802 | D:10     | Found a blossoming altar of Fedhas.
 28998 | D:10     | Found Cara's Book Shoppe.
 29060 | D:11     | Offered knowledge of Fulminant Prism by Vehumet.
 29139 | D:11     | Found Vuasoa's Book Shop.
 29194 | D:11     | Found a flickering gateway to a bazaar.
 29199 | Bazaar   | Entered a bazaar
 29265 | Bazaar   | Found Phaama's Distillery.
 29284 | Bazaar   | Found Pnuc's Armour Shop.
 29299 | Bazaar   | Found Paopyn's Magic Scroll Boutique.
 29338 | Bazaar   | Found Notam's Jewellery Shop.
 29543 | Bazaar   | Bought a +0 helmet of see invisible for 120 gold pieces
 29560 | Bazaar   | Bought a scroll of enchant armour for 77 gold pieces
 29560 | Bazaar   | Bought a scroll of recharging for 77 gold pieces
 29633 | Bazaar   | Bought a potion of heal wounds for 30 gold pieces
 29633 | Bazaar   | Bought 2 potions of curing for 40 gold pieces
 30019 | D:11     | Noticed Nergalle
 30041 | D:11     | Killed Nergalle
 30840 | D:11     | Paralysed by a giant eyeball for 4 turns
 31153 | D:11     | Found a staircase to the Orcish Mines.
 31444 | D:11     | Offered knowledge of Conjure Ball Lightning by Vehumet.
 31787 | Orc:1    | Entered Level 1 of the Orcish Mines
 32645 | Orc:3    | Noticed an orc warlord
 32853 | Orc:3    | Killed an orc warlord
 33495 | Orc:3    | Reached XP level 15. HP: 53/82 MP: 28/34
 33653 | Orc:3    | Found Bofut's Gadget Shoppe.
 35172 | Orc:2    | Offered knowledge of Bolt of Fire by Vehumet.
 35704 | Orc:1    | Reached skill level 18 in Conjurations
 36235 | Temple   | Learned a level 6 spell: Bolt of Fire
 36933 | Orc:1    | Found a roughly hewn altar of Beogh.
 37027 | Orc:4    | Entered Level 4 of the Orcish Mines
 37560 | Orc:4    | Reached skill level 10 in Fire Magic
 38000 | Orc:4    | Found Clorr's Antique Armour Boutique.
 38004 | Orc:4    | Found Ceugaad's Food Emporium.
 38011 | Orc:4    | Found Keosaw's General Store.
 38068 | Orc:4    | Found Zeokeack's General Store.
 38087 | Orc:4    | Offered knowledge of Delayed Fireball by Vehumet.
 39157 | Orc:3    | Found a staircase to the Elven Halls.
 39165 | Orc:3    | Found Kochuirch's Weapon Shop.
 39238 | Orc:3    | Found a roughly hewn altar of Beogh.
 39540 | Orc:4    | Bought a runed robe for 16 gold pieces
 39549 | Orc:4    | Bought a crude leather armour for 168 gold pieces
 39557 | Orc:4    | Identified the +3 leather armour of Quituxio {Str-3 Int+3 Dam+3} (You bought it in a shop on level 4 of the Orcish Mines)
 40068 | D:12     | Noticed Sonja
 40075 | D:12     | Killed Sonja
 42506 | D:13     | Identified a scroll of acquirement
 43366 | D:14     | Entered Level 14 of the Dungeon
 43441 | D:14     | Got a pair of faintly glowing boots
 43444 | D:14     | Identified the cursed +0 pair of boots "Trusted Companion" {Str+2 Dex+5} (You found it on level 14 of the Dungeon)
 43897 | D:14     | Reached XP level 16. HP: 88/88 MP: 32/35
 44404 | D:15     | Entered Level 15 of the Dungeon
 44499 | D:14     | Upgraded the game from 0.13-a0-2739-gace2dc1 to 0.13-a0-2816-gd8154f0
 44768 | D:15     | Found Olesott's Jewellery Shop.
 44781 | D:15     | Olesott's Jewellery Shop was a mimic.
 44934 | D:15     | Got a ripped robe
 44946 | D:15     | Offered knowledge of Lehudib's Crystal Spear by Vehumet.
 44946 | D:15     | Offered knowledge of Shatter by Vehumet.
 44946 | D:15     | Offered knowledge of Tornado by Vehumet.
 45230 | D:15     | Noticed Roxanne
 45748 | D:15     | Identified the +2 robe "Ruwynur" {Str+2 Dam+3} (You found it on level 15 of the Dungeon)
 46205 | D:16     | Noticed Aizul
 46214 | D:16     | Killed Aizul
 46479 | D:16     | Noticed Nessos
 46481 | D:16     | Killed Nessos
 47034 | D:16     | Found Wionk's Antique Armour Shoppe.
 47055 | D:16     | Bought a glowing robe for 23 gold pieces
 47055 | D:16     | Bought a runed robe for 23 gold pieces
 47609 | Orc:4    | Bought a +0,+1 demon blade of venom for 1054 gold pieces
 48461 | D:17     | Reached skill level 1 in Long Blades
 48892 | D:17     | Reached skill level 5 in Long Blades
 51651 | D:18     | Reached skill level 10 in Long Blades
 52005 | D:18     | Reached XP level 17. HP: 92/92 MP: 27/36
 52786 | D:18     | Noticed a tentacled monstrosity
 53076 | D:18     | Killed a tentacled monstrosity
 54530 | D:18     | Identified a +7 rod of fiery destruction (11/11) (You found it on level 18 of the Dungeon)
 55649 | D:19     | Found a staircase to the Vaults.
 55666 | D:19     | Noticed Mara
 55830 | D:19     | Reached skill level 5 in Dodging
 55910 | D:19     | Noticed Kellhus' illusion
 55961 | D:19     | Noticed Donald
 56904 | D:19     | Killed Donald
 57769 | D:19     | Noticed Kellhus' illusion
 57772 | D:19     | Killed Mara
 57772 | D:19     | Reached XP level 18. HP: 98/98 MP: 12/36
 58844 | D:20     | Entered Level 20 of the Dungeon
 58914 | D:20     | Found Gept's Gadget Shoppe.
 59138 | D:20     | Found Mocah's Magical Wand Boutique.
 59223 | D:20     | Noticed Xtahua
 59226 | D:20     | Found Sucw's Weapon Shop.
 59316 | D:20     | Killed Xtahua
 59516 | D:20     | Found an ancient bone altar of Kikubaaqudgha.
 60963 | Vaults:1 | Entered Level 1 of the Vaults
 61530 | Vaults:1 | Reached skill level 15 in Fire Magic
 61707 | D:19     | Upgraded the game from 0.13-a0-2816-gd8154f0 to 0.13-a0-2923-g04ac8d1
 61707 | D:19     | Quit the game

Action                   |  1- 3 |  4- 6 |  7- 9 | 10-12 | 13-15 | 16-18 || total
-------------------------+-------+-------+-------+-------+-------+-------++-------
Melee: Unarmed           |    25 |       |       |       |       |    13 ||    38
       Whip              |       |       |   183 |       |       |       ||   183
       Staff             |       |       |       |     7 |   137 |    59 ||   203
       Demon blade       |       |       |       |       |       |   669 ||   669
 Cast: Magic Dart        |    84 |   102 |   112 |   287 |    71 |       ||   656
       Mephitic Cloud    |       |     7 |     4 |    12 |       |       ||    23
       Sting             |       |    44 |   211 |   723 |   153 |       ||  1131
       Conjure Flame     |       |       |    12 |    17 |    14 |       ||    43
       Blink             |       |       |     1 |     6 |       |       ||     7
       Repel Missiles    |       |       |       |     2 |     2 |    17 ||    21
       Venom Bolt        |       |       |       |   117 |   482 |   230 ||   829
       Poisonous Cloud   |       |       |       |       |   104 |    55 ||   159
       Poison Arrow      |       |       |       |       |    53 |    73 ||   126
       Swiftness         |       |       |       |       |     6 |     6 ||    12
       Ignite Poison     |       |       |       |       |    15 |       ||    15
       Bolt of Fire      |       |       |       |       |    45 |    89 ||   134
 Abil: Fly               |       |       |       |       |     1 |       ||     1
Evoke: Wand              |       |       |       |     8 |     5 |     4 ||    17
  Use: Potion            |       |       |     1 |       |       |     3 ||     4
       Scroll            |       |       |    14 |    19 |    12 |    24 ||    69
 Stab: Distracted        |       |       |       |       |       |     2 ||     2
